[Event "*** Titled Tuesday Blitz"]
[Site "Chess.com"]
[Date "2020.03.03"]
[Round "6"]
[White "ZEN-22"]
[Black "tbalabayev"]
[Result "0-1"]
[WhiteElo "2203"]
[BlackElo "2445"]
[TimeControl "180+1"]
[EndTime "10:03:22 PST"]
[Termination "tbalabayev won by checkmate"]

1. e3 d6 2. Ne2 e5 3. d4 Nd7 4. g3 Ngf6 5. Bg2 g6 6. h4 Bg7 7. Nbc3 O-O 8. b3 Re8 9. Bb2 e4 10. h5 d5 11. hxg6 fxg6 12. g4 c6 13. g5 Nh5 14.
Rxh5 gxh5 15. Nf4 Qxg5 16. Qxh5 Qxh5 17. Nxh5 Nf6 18. Nxg7 Kxg7 19. Ba3 Bg4 20. Bd6 h5 21. Kd2 Kf7 22. Rg1 Rg8 23. Rh1 Rh8 24. Bg3 Rag8 25. Bh4 Ne8 26. Rh2 Nd6 27. Bg3 Nf5 28. Be5 Rh7 29.
Ne2 Ne7 30. Nf4 Ng6 31. Nxg6 Rxg6 32. Bg3 Bf3 33. Bh3 h4 34. Bf5 h3 35. Rxh3 Rxh3 36. Bxh3 Rg8 37. a4 Bg4 38. Bg2 Rh8 39. a5 Bf3 40.
Bxf3 exf3 41. e4 dxe4 42. Ke3 Re8 43. c4 Kg6 44. Be5 Kf5 45. b4 Rg8 46. Bg3 Rh8 47. d5 cxd5 48. cxd5 Rh1 49. Kd2 Rb1 50. Bd6 Rb3 51.
Bc5 Rd3+ 52. Kc2 Rxd5 53. Bxa7 Kg4 54. Kc3 Kh3 55. Kc4 Rd3 56. b5 Kg2 57. a6 bxa6 58. b6 Rd1 59. Kc3 Rb1 60. Kc2 Rb5 61. b7 Rxb7 62. Be3 Rd7 63. Kc3 Rd1 64. Kc4 Rf1 65.
Bd4 Rxf2 66. Bc5 Re2 67. Kc3 f2 68. Bxf2 Kxf2 69. Kd4 e3 70. Kd3 Rd2+ 71. Kc3 Rd8 72.
Kb4 e2 73. Ka5 e1=Q+ 74. Kb6 Qb1+ 75. Kc7 Qb5 76. Kxd8 Qb7 77. Ke8 Ke3 78. Kd8 Kf4 79. Ke8 Ke5 80. Kf8 Kf6 81. Kg8 Qg7# 0-1

[Event "*** Titled Tuesday Blitz"]
[Site "Chess.com"]
[Date "2020.03.03"]
[Round "6"]
[White "praveenb2002"]
[Black "Bulldog167"]
[Result "0-1"]
[WhiteElo "2613"]
[BlackElo "2750"]
[TimeControl "180+1"]
[EndTime "10:03:23 PST"]
[Termination "Bulldog167 won on time"]

1. e4 c5 2. Nf3 d6 3. d4 cxd4 4. Nxd4 Nf6 5. Nc3 a6 6. Bg5 Nbd7 7. Qe2 Qc7 8. O-O-O e6 9. f4 b5 10. Nd5 exd5 11.
exd5+ Be7 12. Nf5 Nc5 13. Nxg7+ Kf8 14. Bh6 Kg8 15. f5 Nce4 16. Ne8 Nxe8 17. Qxe4 Bf8 18. Qg4+ Bg7 19. Bd3 Kf8 20. Qh4 f6 21. Rde1 Qf7 22.
Re3 Bd7 23. Rhe1 Rg8 24. Bf4 Rh8 25. g4 h6 26. Qg3 b4 27. Bxd6+ Kg8 28. Re7 Qxd5 29. Rxd7 Qxa2 30. Qe3 Nxd6 31. Rxd6 Qa1+ 32. Kd2 Qxb2 33. Qe6+ Kh7 34. Qf7 Qc3+ 35. Kd1 b3 36. Qg6+ Kg8 37. Re7 bxc2+ 38. Bxc2 Qf3+ 39. Kc1 Qa3+ 0-1

[Event "*** Titled Tuesday Blitz"]
[Site "Chess.com"]
[Date "2020.03.03"]
[Round "6"]
[White "Gogolev_Artemy"]
[Black "j2806"]
[Result "1-0"]
[WhiteElo "2482"]
[BlackElo "1968"]
[TimeControl "180+1"]
[EndTime "10:03:23 PST"]
[Termination "Gogolev_Artemy won by resignation"]

1. d4 Nf6 2. Nf3 e6 3. g3 d5 4. Bg2 Be7 5. O-O O-O 6. c4 dxc4 7. Qc2 a6 8. a4 Nbd7 9. Na3 Rb8 10. Nxc4 b6 11. Nce5 Nxe5 12. Nxe5 Bb7 13. Nc6 Bxc6 14. Bxc6 Qxd4 15. Bf4 Bc5 16. Be3 Qd6 17. Bf3 Bxe3 18. fxe3 c5 19. Rfd1 Qe5 20. Qc3 Qxc3 21. bxc3 Rfd8 22.
Rab1 Nd5 23. c4 Nxe3 24. Rxd8+ Rxd8 25. Rxb6 Nxc4 26. Rxa6 g6 27. Rc6 Ne5 28. Rxc5 Nxf3+ 29. exf3 Ra8 30. a5 Kg7 31. f4 Ra6 32. Kf2 Kf6 33. Ke3 h6 34. Kd4 g5 35. Kc4 gxf4 36. gxf4 Ke7 37. Kb5 Ra8 38. a6 Kd7 39. Rh5 Rb8+ 40.
Kc5 Kc7 41. Rxh6 Rb6 42. a7 Ra6 43. Rf6 Ra5+ 44. Kd4 Kd6 45. Rxf7 Ra4+ 46. Ke3 Ra3+ 47. Kd2 Kc6 48. h4 Kb6 49. h5 Ra2+ 50. Kc3 Ra3+ 51. Kb4 Rxa7 52. Rxa7 Kxa7 53. h6 Kb6 54. h7 Kc6 55.
h8=Q 1-0

[Event "*** Titled Tuesday Blitz"]
[Site "Chess.com"]
[Date "2020.03.03"]
[Round "6"]
[White "MokshAD1603"]
[Black "Vugar_Manafov"]
[Result "0-1"]
[WhiteElo "2203"]
[BlackElo "2588"]
[TimeControl "180+1"]
[EndTime "10:03:25 PST"]
[Termination "Vugar_Manafov won by checkmate"]

1. d4 Nf6 2. c4 e6 3. Nc3 Bb4 4.
f3 O-O 5. a3 Bxc3+ 6. bxc3 b6 7. e4 Ne8 8. Bd3 Ba6 9. Ne2 Nc6 10. e5 Na5 11. c5 Bxd3 12. Qxd3 bxc5 13. Rb1 cxd4 14.
cxd4 d6 15. Bd2 Nc6 16. Qb5 Rb8 17. Qd3 Rxb1+ 18. Qxb1 dxe5 19. O-O exd4 20. Rc1 Ne7 21. Bb4 Nf6 22. Qd3 e5 23. Ng3 Re8 24. Qa6 Qb8 25. Ba5 Qb2 26. Rxc7 Ned5 27. Rb7 Qc1+ 28. Qf1 Qxa3 29. Rxa7 Ne3 30. Qf2 Nfd5 31. h4 Nf4 32. Bb6 Qc1+ 33. Kh2 Nexg2 34. Nf5 Ne3 35. Ne7+ Kh8 36. Rc7 Qb1 37. Bc5 Nf1+ 38. Kg1 Ng3+ 39.
Kh2 Qh1+ 40. Kxg3 Qh3# 0-1

[Event "*** Titled Tuesday Blitz"]
[Site "Chess.com"]
[Date "2020.03.03"]
[Round "6"]
[White "Willychess95"]
[Black "Boundless_Strike"]
[Result "1-0"]
[WhiteElo "2570"]
[BlackElo "2674"]
[TimeControl "180+1"]
[EndTime "10:03:26 PST"]
[Termination "Willychess95 won by checkmate"]

1. e4 e6 2. d3 d5 3. Nd2 c5 4.
g3 Nc6 5. Ngf3 g6 6. Bg2 Bg7 7.
O-O Nge7 8. Re1 b6 9. e5 Qc7 10. Qe2 g5 11. Nxg5 Qxe5 12. Qxe5 Bxe5 13. c4 Bf6 14. cxd5 exd5 15. Bxd5 Bb7 16. Bxf7+ Kf8 17.
Nde4 Bxg5 18. Bxg5 Kxf7 19. Nd6+ Kg6 20. Bxe7 Bc8 21. Nxc8 Raxc8 22. Bh4 Rhe8 23. Kg2 Nb4 24. Rxe8 Rxe8 25. Rd1 Re2 26. d4 c4 27. d5 Nd3 28. d6 Nxf2 29. Kf3 Rxb2 30. Rd4 Nd3 31. Rxd3 cxd3 32. d7 d2 33. d8=Q Rxa2 34. Qd3+ Kf7 35. Qd5+ Kg6 36. Ke2 d1=Q+ 37. Kxd1 Rxh2 38. Qg5+ Kf7 39.
Qf6+ Ke8 40. Qe7# 1-0

[Event "*** Titled Tuesday Blitz"]
[Site "Chess.com"]
[Date "2020.03.03"]
[Round "6"]
[White "KacperPolOK"]
[Black "Eloist"]
[Result "0-1"]
[WhiteElo "2406"]
[BlackElo "2265"]
[TimeControl "180+1"]
[EndTime "10:03:26 PST"]
[Termination "Eloist won by resignation"]

1. e4 e6 2. d4 d5 3. Nc3 Nf6 4. Bg5 dxe4 5. Nxe4 Be7 6. Bxf6 gxf6 7. Nf3 f5 8. Ng3 c5 9. dxc5 Qxd1+ 10. Rxd1 Bxc5 11. Bb5+ Bd7 12. Bxd7+ Nxd7 13. c3 Rd8 14. Ke2 Ke7 15. b3 Nf6 16. c4 Ng4 17. Rxd8 Rxd8 18. Rf1 a5 19. h3 Nf6 20. Ne5 Ne4 21. Nxe4 fxe4 22.
f3 f6 23. Ng4 h5 24. Ne3 exf3+ 25. Rxf3 Bb4 26. Nf1 f5 27. Rg3 Kf6 28. h4 Rd4 29.
Rg8 Rxh4 30. Rb8 Re4+ 31. Kf2 b6 32. Kf3 Bc5 33. Rh8 h4 34. g3 hxg3 35. Nxg3 Re3+ 36. Kg2 Bd6 37. Nf1 Re2+ 38. Kf3 Rxa2 39. Rd8 Ke5 40. Ne3 Rb2 41. Rc8 Bc5 42. Rc6 Rxb3 43.
Ke2 Rxe3+ 44. Kd2 f4 45. Rc8 a4 46. Ra8 a3 47. Kd1 Kd4 48. Re8 e5 49. Kc2 Re2+ 50. Kd1 f3 51. Re6 a2 0-1

[Event "*** Titled Tuesday Blitz"]
[Site "Chess.com"]
[Date "2020.03.03"]
[Round "6"]
[White "Bykov_Egor"]
[Black "GadimbayliA"]
[Result "0-1"]
[WhiteElo "2582"]
[BlackElo "2900"]
[TimeControl "180+1"]
[EndTime "10:03:28 PST"]
[Termination "GadimbayliA won on time"]

1. d4 Nf6 2. c4 b6 3. Nc3 Bb7 4.
Qc2 d5 5. cxd5 Nxd5 6. Nf3 e6 7. a3 Be7 8. e4 Nxc3 9. bxc3 O-O 10. Bd3 c5 11. O-O Nc6 12. Bb2 Rc8 13. Qe2 Na5 14.
Rad1 Qc7 15. d5 c4 16. Bb1 e5 17. Nd2 Bd6 18. g3 Rce8 19. a4 Kh8 20. Qg4 Bc8 21.
Qh4 Be7 22. Qh5 Bd6 23. Kh1 Nb7 24. Qe2 Na5 25. Qh5 Bd7 26. Bc2 a6 27. f4 exf4 28.
e5 g6 29. exd6 Qxd6 30. Qf3 fxg3 31. Ne4 Rxe4 32. Bxe4 f5 33. Bc1 Bxa4 34. Bf4 fxe4 35. Be5+ Kg8 36. Qxe4 Bxd1 37. Rxd1 Qd7 38. d6 g2+ 39. Qxg2 Nc6 40. Qd5+ Rf7 41. Bg3 Kf8 42. Re1 Qh3 43. Qxc4 b5 44. Qd3 Qg4 45. d7 Rxd7 46. Rf1+ Kg7 0-1

[Event "*** Titled Tuesday Blitz"]
[Site "Chess.com"]
[Date "2020.03.03"]
[Round "6"]
[White "kleinebeer98"]
[Black "Oleksandr_Bortnyk"]
[Result "0-1"]
[WhiteElo "2712"]
[BlackElo "2956"]
[TimeControl "180+1"]
[EndTime "10:03:29 PST"]
[Termination "Oleksandr_Bortnyk won by checkmate"]

1. e4 Nf6 2. Nc3 d5 3. exd5 Nxd5 4. Nge2 Bg4 5. h3 Bh5 6. g4 Bg6 7. Bg2 e6 8. Nxd5 exd5 9. Nf4 c6 10. h4 Bd6 11. d3 Qc7 12. Qf3 h6 13. Nxg6 fxg6 14.
g5 Nd7 15. Bh3 O-O-O 16. Be3 Qa5+ 17. c3 Kb8 18. Bxd7 Rxd7 19. gxh6 gxh6 20. Qf6 Rg8 21. Qe6 Rdd8 22. Kd2 d4 23. Bxd4 Bf4+ 24. Be3 Bxe3+ 25. Qxe3 Rge8 26. Qg3+ Ka8 27. Rhe1 Rf8 28. Re3 a6 29. a3 Qb5 30. b4 Qa4 31. d4 Qb3 32.
Rc1 Qxa3 33. Rc2 Qa1 34. Re2 Qa4 35. Qxg6 Rh8 36. Re7 Qb5 37. Kc1 h5 38. Kb2 Rhf8 39. Rce2 Rf3 40. Re8 Rxe8 41. Qxe8+ Ka7 42. Qe7 Qd5 43.
Kc2 Qa2+ 44. Kd1 Qb1+ 45. Kd2 Rd3# 0-1

[Event "*** Titled Tuesday Blitz"]
[Site "Chess.com"]
[Date "2020.03.03"]
[Round "6"]
[White "Artem_Sadovsky"]
[Black "wonderfultime"]
[Result "0-1"]
[WhiteElo "2590"]
[BlackElo "3011"]
[TimeControl "180+1"]
[EndTime "10:03:31 PST"]
[Termination "wonderfultime won on time"]

1. Nf3 d5 2. g3 Nf6 3. Bg2 Bg4 4.
O-O c6 5. c4 e6 6. b3 Nbd7 7.
Bb2 Bd6 8. d3 O-O 9. Nbd2 Qe7 10. h3 Bh5 11. Qc2 a5 12. a3 h6 13. e4 dxe4 14. Nxe4 Nxe4 15. dxe4 Bxf3 16. Bxf3 Rfd8 17. Bg2 Be5 18. f4 Bxb2 19. Qxb2 Nc5 20. Rad1 Qd7 21.
Rxd7 Rxd7 22. b4 axb4 23. axb4 Nd3 24. Qc3 c5 25. bxc5 Ra2 26. c6 bxc6 27. c5 h5 28. h4 Rb2 29. e5 Rb5 30. Rd1 Nxf4 31. gxf4 Rxd1+ 32. Kh2 Rdb1 33. Bxc6 R5b2+ 34. Bg2 Ra2 35. c6 Rbb2 36. Qf3 Rc2 37. Kg3 g6 38. Bf1 Rc1 39.
Qe3 Rxf1 40. Qd3 Rg1+ 41. Kf3 Rc1 42. c7 Rac2 43. Qd8+ Kh7 44. f5 exf5 45. Kf4 Rxc7 46.
Kg5 R1c6 47. Qf8 Re6 48. Qd8 Rce7 49. Qc8 f4 0-1

[Event "*** Titled Tuesday Blitz"]
[Site "Chess.com"]
[Date "2020.03.03"]
[Round "6"]
[White "GM-2023"]
[Black "Galileo22"]
[Result "0-1"]
[WhiteElo "2046"]
[BlackElo "2305"]
[TimeControl "180+1"]
[EndTime "10:03:34 PST"]
[Termination "Galileo22 won on time"]

1. e4 e5 2. Nf3 Nc6 3. d4 exd4 4. Nxd4 Nf6 5. Nxc6 bxc6 6. e5 Qe7 7. Qe2 Nd5 8. h4 Bb7 9. c4 Nb6 10. Nc3 h6 11. Bd2 O-O-O 12. O-O-O Qe6 13. f4 f5 14. g3 Be7 15. h5 Rhe8 16. Bh3 Qf7 17. b3 Ba3+ 18.
Kc2 Kb8 19. Qd3 Rf8 20. Be3 Ba6 21. Qd4 c5 22. Qd3 d6 23. Nb1 Bb4 24. a3 Ba5 25.
Bg2 Kc8 26. Qe2 Rfe8 27. Qf3 d5 28. cxd5 c6 29. dxc6 c4 30. c7 Kxc7 31. b4 c3 32. Qc6+ Kb8 0-1

[Event "*** Titled Tuesday Blitz"]
[Site "Chess.com"]
[Date "2020.03.03"]
[Round "6"]
[White "Omk124"]
[Black "RitvarsReimanis"]
[Result "0-1"]
[WhiteElo "2456"]
[BlackElo "2627"]
[TimeControl "180+1"]
[EndTime "10:03:38 PST"]
[Termination "RitvarsReimanis won by resignation"]

1. e4 c5 2. Nf3 Nc6 3. Bb5 g6 4. Bxc6 dxc6 5. d3 Bg7 6. h3 b6 7.
O-O e5 8. Nc3 Ne7 9. Be3 h6 10.
Qd2 g5 11. a4 a5 12. h4 g4 13. Ne1 Ng6 14. g3 Nf8 15. Ng2 Ne6 16. f4 gxf3 17. Rxf3 Nd4 18. Rf2 Be6 19. Raf1 Qe7 20. Bxd4 cxd4 21.
Ne2 c5 22. b3 O-O-O 23. Kh2 h5 24. Ng1 Bh6 25. Qe2 Rdg8 26. Nh3 Rg7 27. Qxh5 Bxh3 28. Kxh3 Rxg3+ 29. Kxg3 Bf4+ 30. Nxf4 exf4+ 31. Kg4 Rxh5 32. Kxh5 Qf6 33. Kg4 Qg6+ 34. Kf3 Qg3+ 35. Ke2 Qg4+ 36. Kd2 Qxh4 37. Rxf4 Qh6 38. Kd1 c4 39. bxc4 Qc6 40. Rxf7 Qxa4 41. Rg1 Qa1+ 42. Kd2 Qxg1 43. Rf8+ Kb7 44.
Rf7+ Ka6 45. Rf6 Qg5+ 46. Kd1 Qxf6 0-1

[Event "*** Titled Tuesday Blitz"]
[Site "Chess.com"]
[Date "2020.03.03"]
[Round "6"]
[White "MiroVlasenko"]
[Black "124chess"]
[Result "1-0"]
[WhiteElo "2634"]
[BlackElo "2471"]
[TimeControl "180+1"]
[EndTime "10:03:39 PST"]
[Termination "MiroVlasenko won by checkmate"]

1. d4 d5 2. Bf4 c5 3. e3 Nc6 4. c3 Bf5 5. Nf3 e6 6. Nbd2 Bd6 7. Bxd6 Qxd6 8. Nh4 Bg6 9. Qb3 Rb8 10. Qa3 b6 11.
Bb5 Ne7 12. Qxa7 O-O 13. Qa4 e5 14. Nxg6 hxg6 15. O-O exd4 16. cxd4 cxd4 17. exd4 Ra8 18. Qd1 Nxd4 19. Bd3 Ne6 20. Nf3 Nc5 21. Bc2 Nc6 22. Nd4 Nxd4 23. Qxd4 Ne6 24. Qd2 Qe5 25. Bb3 Nd4 26.
Bd1 Rfe8 27. a3 g5 28. Rc1 g6 29. Rc3 Kg7 30. Rd3 Rh8 31. h3 Ne6 32. Re1 Qf6 33.
Rxd5 Rad8 34. Bb3 Nf4 35. Rxd8 Rxd8 36. Qc2 Qd4 37. Rd1 Qf6 38. Rxd8 Qxd8 39. Kf1 Qa8 40. Qc3+ f6 41. f3 Qd8 42. Bc2 Qe7 43. Qd2 Nh5 44. Kf2 Nf4 45. b4 f5 46. Qc3+ Kh7 47. Qd2 Nh5 48. g4 fxg4 49. hxg4 Nf4 50. Qe3 Qc7 51. Qe4 b5 52. Bb3 Nh3+ 53. Ke2 Nf4+ 54. Kd2 Qd6+ 55. Kc1 Qa6 56. Qe7+ Kh6 57. Qf8+ Kh7 58. Qg8+ Kh6 59.
Qh8# 1-0

[Event "*** Titled Tuesday Blitz"]
[Site "Chess.com"]
[Date "2020.03.03"]
[Round "6"]
[White "jmduque"]
[Black "MartinCerveny"]
[Result "0-1"]
[WhiteElo "2450"]
[BlackElo "2625"]
[TimeControl "180+1"]
[EndTime "10:03:39 PST"]
[Termination "MartinCerveny won on time"]

1. e4 c5 2. Nf3 d6 3. Bb5+ Nd7 4. Ba4 a6 5. c4 Nf6 6. Nc3 g6 7. O-O Bg7 8. h3 O-O 9. d3 Ne5 10. Be3 Bd7 11. Ne1 Nc6 12. f4 e6 13.
Nf3 Rb8 14. e5 Ne8 15. exd6 b6 16. Bxc6 Bxc6 17. Ne5 Qxd6 18. Nxc6 Qxc6 19. Ne4 Rd8 20. Qc2 Nd6 21. Rad1 Nf5 22. Bf2 h5 23. b3 Rd7 24. g4 hxg4 25. hxg4 Nd4 26. Bxd4 Rxd4 27. Qh2 Rfd8 28. Qh3 f6 29. f5 exf5 30. gxf5 Qd7 31. Qg2 Rxd3 32. Rxd3 Qxd3 33. Re1 Qd4+ 34. Nf2 g5 35.
Re7 Qh4 36. Qb7 Qh7 37. Qc7 Rf8 38. Ne4 Kh8 39. Nd6 g4 40. Nf7+ Kg8 41. Ne5 fxe5 42. f6 Rxf6 43. Qc8+ Rf8 44. Qe6+ Kh8 45. Qxg4 Qb1+ 46.
Kg2 Qf1+ 47. Kg3 Qf2+ 48. Kh3 Rf3+ 49. Qxf3 Qxf3+ 50. Kh4 Qf6+ 51. Kh5 Qxe7 0-1

[Event "*** Titled Tuesday Blitz"]
[Site "Chess.com"]
[Date "2020.03.03"]
[Round "6"]
[White "DenishevM"]
[Black "adricalderon8"]
[Result "0-1"]
[WhiteElo "2581"]
[BlackElo "2425"]
[TimeControl "180+1"]
[EndTime "10:03:39 PST"]
[Termination "adricalderon8 won on time"]

1. d4 Nf6 2. c4 g6 3. Nc3 d5 4. cxd5 Nxd5 5. e4 Nxc3 6. bxc3 Bg7 7. Nf3 c5 8. Be3 b6 9. Bb5+ Nd7 10. O-O O-O 11. Bc6 Rb8 12. Bf4 Ba6 13. Re1 Rc8 14. Ba4 cxd4 15. cxd4 Bc4 16. Qd2 b5 17. Bb3 Nb6 18.
Rad1 e6 19. h4 h5 20. Bh6 Qc7 21. Bxg7 Kxg7 22. Qg5 Qd8 23. Qg3 Qf6 24. Ng5 Rfd8 25. Re3 Rxd4 26. Rf3 Rxd1+ 27. Bxd1 Qa1 28. Rxf7+ Kg8 29.
Qf3 Rd8 30. Kh2 Nd7 31. Bb3 Ne5 32. Qf4 Ng4+ 33. Kg3 Qe5 34. Qxe5 Nxe5 35. Rxa7 Bxb3 36. axb3 Rd3+ 37. Kf4 Ng4 38. Ra8+ Kg7 39. Nxe6+ Kf6 40. f3 Kxe6 0-1

[Event "*** Titled Tuesday Blitz"]
[Site "Chess.com"]
[Date "2020.03.03"]
[Round "6"]
[White "shanemelaughcm"]
[Black "annacramling"]
[Result "1-0"]
[WhiteElo "2256"]
[BlackElo "1925"]
[TimeControl "180+1"]
[EndTime "10:03:42 PST"]
[Termination "shanemelaughcm won on time"]

1. e4 c5 2. c4 Nc6 3. Nc3 d6 4. g3 e6 5. Bg2 Nf6 6. Nge2 Be7 7. O-O O-O 8. d4 cxd4 9. Nxd4 a6 10. Be3 Ne5 11. Qe2 Bd7 12. h3 Rc8 13. b3 Qa5 14. Bd2 Qb6 15. Be3 Qa5 16. Bd2 Qb6 17. Nf3 Bc6 18.
Nxe5 dxe5 19. Be3 Qa5 20. Qb2 Bb4 21. Bd2 Rfd8 22. Rfc1 Nxe4 23. Bxe4 Bxe4 24. a3 Bxc3 25. Bxc3 Qb6 26. Bxe5 f6 27. Bf4 Qc6 28. Kh2 Rd3 29. Rd1 Rcd8 30. Rxd3 Rxd3 31. Re1 Bf3 32. Qc2 Rd8 33.
b4 Bd5 34. Rc1 Be4 35. Qb2 Bf5 36. c5 Qf3 37. Qc3 Rd3 38. Qe1 Be4 39. Qg1 e5 40.
Be3 1-0

[Event "*** Titled Tuesday Blitz"]
[Site "Chess.com"]
[Date "2020.03.03"]
[Round "6"]
[White "Jospem"]
[Black "ChessWarrior7197"]
[Result "0-1"]
[WhiteElo "2924"]
[BlackElo "2905"]
[TimeControl "180+1"]
[EndTime "10:03:47 PST"]
[Termination "ChessWarrior7197 won by resignation"]

1. c4 Nf6 2. g3 e6 3. Bg2 d5 4. Nf3 Be7 5. O-O O-O 6. b3 c5 7. Bb2 Nc6 8. e3 b6 9. Qe2 Bb7 10. d3 Qd7 11. Nc3 Rfd8 12. Rad1 Rac8 13. Nb1 a6 14. h4 b5 15. cxd5 Nxd5 16. a3 Bf6 17.
Rc1 Bxb2 18. Qxb2 Qe7 19. Rfd1 Nf6 20. Qc3 Nd7 21. Nbd2 Qf6 22. Qxf6 gxf6 23. Ne4 Ne7 24. Nd6 Rc7 25. Nxb7 Rxb7 26. d4 Rc8 27. dxc5 Rxc5 28.
b4 Rxc1 29. Rxc1 Nb6 30. Ng5 Ra7 31. Ne4 Kg7 32. Nd6 f5 33. e4 fxe4 34. Bxe4 Ned5 35. Rc6 h6 36. Kg2 Kf6 37. Bxd5 Nxd5 38. Ne4+ Ke5 39. Nc5 a5 40. bxa5 Rxa5 41. Nd7+ Kd4 42. Rc5 Ra7 43.
Rxb5 Rxd7 44. Ra5 Rc7 45. Ra4+ Ke5 46. Ra5 Rc2 47. Ra8 Ra2 48. Kf3 f5 49. Ra5 Kf6 50.
Ra8 Nc3 51. g4 Ne4 52. gxf5 exf5 53. Ke3 Nxf2 54. Ra6+ Kg7 55. Ra7+ Kg6 56. Ra6+ Kh5 57. Kf4 Nd3+ 58. Kxf5 Rf2+ 59. Ke4 Nc5+ 60. Ke3 Nxa6 61. Kxf2 Kxh4 62. Ke3 Kg3 63. Kd4 h5 64. Kc4 h4 65.
Kb5 Nb8 66. Kb6 h3 67. Kb7 h2 68. Kxb8 h1=Q 0-1

[Event "*** Titled Tuesday Blitz"]
[Site "Chess.com"]
[Date "2020.03.03"]
[Round "6"]
[White "Manukyan_Artak"]
[Black "MikeSailer"]
[Result "1-0"]
[WhiteElo "2416"]
[BlackElo "2111"]
[TimeControl "180+1"]
[EndTime "10:03:48 PST"]
[Termination "Manukyan_Artak won on time"]

1. e4 d5 2. exd5 Qxd5 3. Nc3 Qd6 4. g3 Nf6 5. Bg2 c6 6. d4 Bf5 7. Nge2 e6 8. O-O Be7 9. Bf4 Qd8 10. h3 O-O 11. g4 Bg6 12. Ng3 Nbd7 13. Qe2 Nb6 14. Rad1 Nbd5 15. Nxd5 Nxd5 16. Bc1 Bd6 17. Ne4 Bf4 18.
c3 Bxc1 19. Rxc1 Nf4 20. Qf3 Nxg2 21. Kxg2 Qd5 22. Nc5 b6 23. Qxd5 cxd5 24. Nd7 Rfd8 25. Ne5 Rac8 26. h4 f6 27. Nxg6 hxg6 28. f4 Kf7 29. Kg3 b5 30. a3 a5 31. Rf3 Rc6 32.
Ra1 Rdc8 33. Re3 R8c7 34. Kf3 Rb7 35. Ke2 b4 36. axb4 axb4 37. Ra2 bxc3 38. Rxc3 Rcb6 39.
Rc2 Rb3 40. Ra8 Rxb2 41. Rxb2 Rxb2+ 42. Ke3 Rb3+ 43. Kf2 Rd3 44. Ra7+ Kg8 45. Re7 Rxd4 46. Kf3 Re4 47. g5 fxg5 48. hxg5 Kf8 49. Rd7 Ra4 50. Rb7 Ra3+ 51. Kf2 Rc3 52. Rd7 Rc8 53. Ke3 Re8 54. Kd4 Re7 55. Rd8+ Kf7 56. Ke5 1-0

[Event "*** Titled Tuesday Blitz"]
[Site "Chess.com"]
[Date "2020.03.03"]
[Round "6"]
[White "Martins-BR"]
[Black "GianmarcoVaR"]
[Result "0-1"]
[WhiteElo "2315"]
[BlackElo "2546"]
[TimeControl "180+1"]
[EndTime "10:03:49 PST"]
[Termination "GianmarcoVaR won on time"]

1. e4 c5 2. Nf3 d6 3. d4 cxd4 4.
Nxd4 Nf6 5. Nc3 a6 6. Bg5 Nbd7 7. f4 Qc7 8. Qf3 h6 9. Bxf6 Nxf6 10. f5 Qc5 11.
O-O-O g5 12. fxg6 Bg4 13. gxf7+ Kxf7 14. Qd3 Bxd1 15. Nxd1 Bg7 16. Nf5 Rhe8 17. Nc3 Qe5 18. Nxg7 Kxg7 19. Be2 Rf8 20. Bf3 Rac8 21. Ne2 e6 22.
Rd1 Rfd8 23. h3 b5 24. Kb1 Rc4 25. b3 Rc6 26. Nd4 Rc5 27. Qe3 a5 28. g4 Nd5 29.
Nxe6+ Qxe6 30. Qd4+ Qe5 31. exd5 Qxd4 32. Rxd4 Rf8 33.
Be4 Rf1+ 34. Kb2 b4 35. Bd3 Rf3 36. a4 bxa3+ 37. Kxa3 Rxh3 38. Ra4 Re3 39. Rd4 Kf6 40. Ka4 Ke5 41. Rc4 Rxc4+ 42. bxc4 Kd4 43. Kxa5 Rg3 44. Kb6 Rxg4 45. Kc6 Ke5 46. c5 dxc5 47. Kxc5 h5 48. d6 Rd4 49. Kc6 Rxd6+ 0-1

[Event "*** Titled Tuesday Blitz"]
[Site "Chess.com"]
[Date "2020.03.03"]
[Round "6"]
[White "Sordis"]
[Black "Ariadna_Atreides"]
[Result "1-0"]
[WhiteElo "2364"]
[BlackElo "2119"]
[TimeControl "180+1"]
[EndTime "10:03:49 PST"]
[Termination "Sordis won on time"]

1. c4 Nf6 2. g3 g6 3. b3 Bg7 4.
Bb2 d6 5. Bg2 e5 6. Nf3 O-O 7.
d3 Nc6 8. O-O h6 9. Nc3 Be6 10.
Ne1 Qd7 11. Nc2 d5 12. cxd5 Nxd5 13. Nxd5 Bxd5 14. Bxd5 Qxd5 15. Ne3 Qe6 16. Nc4 b5 17. Nd2 Nd4 18. Rc1 Rac8 19. e3 Nf5 20. Ne4 Rfd8 21.
Qe2 Ne7 22. Rc5 f5 23. Nc3 b4 24. Na4 Qd6 25. Rd1 Nd5 26. Rc4 Nb6 27. Nxb6 axb6 28. Qc2 c5 29. Qb1 e4 30. d4 b5 31. Rcc1 c4 32. bxc4 bxc4 33. a3 bxa3 34. Bc3 Rb8 35. Qa2 Qd5 36. Rb1 Bf8 37. Rdc1 Rb3 38. Ba5 Qxa5 39.
Rxb3 cxb3 40. Qxb3+ Qd5 41. Qa4 Ra8 42. Qc2 a2 43.
Ra1 Qa5 44. Kg2 Qa3 45. h3 Bd6 46. g4 fxg4 47. hxg4 Qa4 48. Qxe4 Qa7 49. Qxg6+ Kh8 50. Qxd6 Qb7+ 51. f3 1-0

[Event "*** Titled Tuesday Blitz"]
[Site "Chess.com"]
[Date "2020.03.03"]
[Round "6"]
[White "norwaytoadog"]
[Black "Andrew-FB00"]
[Result "1-0"]
[WhiteElo "2246"]
[BlackElo "1865"]
[TimeControl "180+1"]
[EndTime "10:03:49 PST"]
[Termination "norwaytoadog won by checkmate"]

1. e4 e5 2. Nf3 Nc6 3. Bb5 a6 4. Ba4 Nf6 5. O-O b5 6. Bb3 Bc5 7. d3 h6 8. a4 Rb8 9. c3 d6 10. h3 O-O 11. d4 Bb6 12. Re1 Qe7 13. Na3 b4 14. Nc4 bxc3 15. bxc3 Na5 16. Nxa5 Bxa5 17.
Bd2 Bb7 18. d5 c6 19. c4 Bxd2 20. Qxd2 c5 21. Bc2 Bc8 22. Rab1 Bd7 23. Qa5 Nh5 24.
Qc7 Rbc8 25. Qa7 Ra8 26. Qc7 Rfc8 27. Qa5 Qe8 28. Rb7 Nf4 29. Qd2 Bxa4 30. Ra1 Bxc2 31. Qxc2 Rcb8 32. Rab1 Rxb7 33. Rxb7 a5 34. Rb3 a4 35.
Ra3 Qd7 36. Nh4 Qa7 37. Nf5 Qa6 38. Kh2 Kh7 39. g3 Nh5 40. Qe2 g6 41. Ne7 Nf6 42. f4 Qa5 43. fxe5 dxe5 44. Qf2 Qb4 45. Qxf6 Qxa3 46. Qxf7+ Kh8 47. Nxg6# 1-0

[Event "*** Titled Tuesday Blitz"]
[Site "Chess.com"]
[Date "2020.03.03"]
[Round "6"]
[White "farzadbfd"]
[Black "IMDT02"]
[Result "0-1"]
[WhiteElo "2619"]
[BlackElo "2489"]
[TimeControl "180+1"]
[EndTime "10:03:53 PST"]
[Termination "IMDT02 won by resignation"]

1. e4 c5 2. c3 Nf6 3. e5 Nd5 4. Nf3 Nc6 5. Bc4 Nb6 6. Bb3 d5 7. exd6 Qxd6 8. d4 cxd4 9. cxd4 e6 10. O-O Be7 11. Nc3 O-O 12. Be3 Nd5 13. Qe2 b6 14.
Rad1 Bb7 15. Rfe1 Rac8 16. Bd2 Nxc3 17. bxc3 Na5 18. Bc2 Bf6 19. Qd3 g6 20. Ng5 Nc4 21. Qh3 h5 22. Bc1 Kg7 23. Re2 Bd5 24. Rde1 Na3 25.
Be4 Nb5 26. Rc2 Rfd8 27. Qd3 Bc4 28. Qf3 Qe7 29. h4 Bd5 30. Qg3 Bxe4 31. Nxe4 Nxd4 32.
cxd4 Rxc2 33. Nxf6 Qxf6 34. Bg5 Qxd4 35. Bxd8 Qxd8 36.
Qf3 Qf6 37. Qe3 Rxa2 38. Rd1 Ra1 39. Rxa1 Qxa1+ 40. Kh2 Qf6 41. g3 a5 42. Qxb6 a4 43. Qa7 a3 44. Qxa3 Qxf2+ 45. Kh3 Qf1+ 46. Kh2 Qe2+ 47. Kh3 Qf1+ 48. Kh2 Qf6 49. Kh3 e5 50. Kh2 e4 51. Qe3 Qe5 52. Kh3 Qf5+ 53. Kh2 Qf3 54.
Qd4+ Kh7 55. Qf6 Qxf6 0-1

[Event "*** Titled Tuesday Blitz"]
[Site "Chess.com"]
[Date "2020.03.03"]
[Round "6"]
[White "Zavgorodniy_Serg"]
[Black "GodDMuhammad"]
[Result "1/2-1/2"]
[WhiteElo "2534"]
[BlackElo "2349"]
[TimeControl "180+1"]
[EndTime "10:03:54 PST"]
[Termination "Game drawn - insufficient material"]

1. e4 c6 2. d4 d5 3. exd5 Qxd5 4. c4 Qa5+ 5. Nc3 Nf6 6. Nf3 Bg4 7. Qb3 Qc7 8. Ne5 Bh5 9. Bf4 Qb6 10. c5 Qxb3 11. axb3 e6 12. b4 Nbd7 13. b5 Nxe5 14. Bxe5 Nd7 15.
Bg3 Be7 16. bxc6 bxc6 17. Ra6 e5 18. dxe5 Nxc5 19. Rxc6 O-O 20. Be2 Bxe2 21. Kxe2 Rab8 22. Nd1 Ne6 23. Ra6 Rb7 24. f4 Rc8 25. Kf3 Rc2 26.
Bf2 Rb3+ 27. Be3 Bc5 28. Re1 h5 29. f5 Bxe3 30. Rxe3 Nd4+ 31. Ke4 Rb4 32. Kd5 Nxf5 33. Rf3 Rd2+ 34. Kc5 Rb6 35. Rxa7 Re6 36. Rxf5 Rxd1 37. b4 Re1 38. b5 R1xe5+ 39. Rxe5 Rxe5+ 40. Kc6 Re6+ 41. Kc7 Re2 42. g3 Rc2+ 43. Kd7 Rxh2 44.
b6 Rd2+ 45. Kc7 Rc2+ 46. Kd6 Rd2+ 47. Kc6 Rc2+ 48. Kb5 g5 49. b7 Kg7 50. Kb6 Rb2+ 51. Kc7 h4 52. b8=Q Rxb8 53. Kxb8 hxg3 54. Ra3 f5 55. Rxg3 Kf6 56. Kc7 f4 57. Ra3 Kf5 58. Kd6 g4 59. Ra8 g3 60. Rg8 Ke4 61. Kc5 f3 62. Rxg3 f2 63. Rg4+ Ke3 64. Rg3+ Ke2 65. Rg2 Kf3 66. Rxf2+ Kxf2 1/2-1/2